Cogmind - Beta 11.1 @@@ ROGUE MODE // 2022.06.13 @ 06:28:41 Player: Benkyo Result: Destroyed by Executioner with Helical Railgun Performance ------------- Evolutions (6) 3000 Regions Visited (24) 4800 Robots Destroyed (167) 835 Value Destroyed (7578) 7578 Prototype IDs (25) 500 Alien Tech Used (2) 400 Bonus (7470) 7470 TOTAL SCORE: 24583 Bonus ------- High Alert Combat Kills 438 Follower Combat Kills 1194 Entered Garrisons 1000 Used RIF Installer 2500 Met Zhirov 300 MAIN.C Attacked Warlord 500 Warlord Defense Kills 1592 Friendly Fire -54 Cogmind --------- Core Integrity 0/1150 Matter 300/300 Energy 98/100 System Corruption 4% Temperature Hot (205) Movement Core (50) Location -4/Warlord Parts ------- > --- POWER (2) -------- (None) > --- PROPULSION (6) --- (None) > --- UTILITY (8) ------ (None) > --- WEAPON (3) ------- (None) > --- INVENTORY (5) ---- Armored Medium Treads Advanced Energy Well (500) Structural Scanner Quantum Capacitor Peak State ------------ > --- POWER ------------ Reinforced Deuterium Engine Neutrino Core > --- PROPULSION ------- Improved Medium Treads Armored Medium Treads Armored Medium Treads Advanced Medium Treads Improved Heavy Treads > --- UTILITY ---------- Advanced Cooling System Huge Storage Unit Experimental Sensor Array Advanced Signal Interpreter Improved Heavy Armor Plating Relay Coupler [NC] Relay Coupler [Swarmer] > --- WEAPON ----------- Advanced Plasma Cannon Enhanced Gauss Cannon Improved Remote Datajack > --- INVENTORY -------- Light Angular Momentum Engine Improved Heavy Treads Improved Cooling System Advanced Coolant Injector Advanced Energy Well Structural Scanner Improved Heavy Armor Plating Improved Heavy Armor Plating Relay Coupler [NC] Relay Coupler [Grunt] Improved Component Analysis Suite Mapping Drone Bay Dimensional Node Initializer Transdimensional Reconstructor Improved Arc Projector HERF Cannon HERF Cannon Advanced KE Penetrator Enhanced Gauss Cannon Precision Grenade Launcher Long-range Missile Launcher Remote Datajack [Rating: 116] Favorites ----------- Power Reinforced Deuterium Engine Engine Reinforced Deuterium Engine Power Core Neutrino Core Propulsion Improved Medium Treads Treads Improved Medium Treads Wheel Compact Wheel Utility Relay Coupler [NC] Device Experimental Sensor Array Storage Huge Storage Unit Processor Advanced Signal Interpreter Hackware Relay Coupler [NC] Protection Improved Heavy Armor Plating Weapon Gatling Laser Energy Gun Gatling Laser Energy Cannon Advanced Plasma Cannon Ballistic Gun Light Assault Rifle Ballistic Cannon Enhanced Gauss Cannon Launcher Long-range Missile Launcher Special Weapon Improved Remote Datajack Slashing Weapon Makeshift Sword Special Melee Weapon Improved Datajack Build | -11 -10 -10 -10 -9 -8 -8 -8 -8 -7 -7 -6 -6 -6 -6 -6 -6 -5 -5 -5 -5 -4 -4 -4 -4 ------- Run | Scr Mat Min Exi Min Mat Gar Mat Gar Fac Gar Fac Was Fac Gar Fac Gar Fac Upp Upp Zhi Pro Fac Upp War Slots Evolved 12 | . . . . . 4 . . . 2 . 2 . . . . . 2 . . . . 2 . . Power 1 | . . . . . . . . . . . . . . . . . . . . . . 1 . . Propulsion 4 | . . . . . . . . . 2 . . . . . . . 1 . . . . 1 . . Utility 6 | . . . . . 4 . . . . . 1 . . . . . 1 . . . . . . . Weapon 1 | . . . . . . . . . . . 1 . . . . . . . . . . . . . Parts Attached 250 | 7 14 1 . 1 30 8 7 17 13 12 4 6 3 5 15 9 11 8 28 10 7 13 2 19 Power 14 | 1 3 . . . 2 1 . 2 . . . . . 1 . 2 . . . . . 1 . 1 Engine 10 | 1 3 . . . 2 . . 2 . . . . . . . 1 . . . . . . . 1 Core 4 | . . . . . . 1 . . . . . . . 1 . 1 . . . . . 1 . . Reactor . | . . . . . . . . . . . . . . . . . . . . . . . . . Propulsion 31 | 2 4 . . . 2 . 2 2 4 1 . . . . 5 1 1 . 1 . 1 4 . 1 Treads 29 | . 4 . . . 2 . 2 2 4 1 . . . . 5 1 1 . 1 . 1 4 . 1 Leg . | . . . . . . . . . . . . . . . . . . . . . . . . . Wheel 2 | 2 . . . . . . . . . . . . . . . . . . . . . . . . Hover . | . . . . . . . . . . . . . . . . . . . . . . . . . Flight . | . . . . . . . . . . . . . . . . . . . . . . . . . Utility 124 | 2 5 . . . 12 5 3 5 6 5 2 3 . 2 7 4 9 8 18 7 3 7 . 11 Device 68 | 1 3 . . . 5 4 2 2 5 1 2 1 . 1 4 2 2 6 14 2 2 3 . 6 Storage 6 | 1 1 . . . . . . . . . . . . . 2 . 1 . . 1 . . . . Processor 7 | . . . . . . 1 . . . 1 . . . . . . 2 . . 1 . 2 . . Hackware 10 | . . . . . . . 1 1 1 1 . . . . . 2 2 . . . 1 . . 1 Protection 33 | . 1 . . . 7 . . 2 . 2 . 2 . 1 1 . 2 2 4 3 . 2 . 4 Artifact . | . . . . . . . . . . . . . . . . . . . . . . . . . Weapon 81 | 2 2 1 . 1 14 2 2 8 3 6 2 3 3 2 3 2 1 . 9 3 3 1 2 6 Energy Gun 6 | . . . . . . . . 2 . . 1 . 1 1 . . . . . . . . . 1 Energy Cannon 25 | . 1 . . . 5 1 1 3 2 2 . . 1 1 . . . . 2 2 1 . . 3 Ballistic Gun 6 | 2 1 . . 1 2 . . . . . . . . . . . . . . . . . . . Ballistic Cannon 16 | . . . . . 2 . . 1 . 2 1 . 1 . 1 1 1 . 3 1 . 1 . 1 Launcher 16 | . . 1 . . 1 1 1 . . 2 . 3 . . 1 . . . 2 . 1 . 2 1 Special Weapon 5 | . . . . . . . . . . . . . . . 1 1 . . 2 . 1 . . . Impact Weapon . | . . . . . . . . . . . . . . . . . . . . . . . . . Slashing Weapon 4 | . . . . . 4 . . . . . . . . . . . . . . . . . . . Piercing Weapon . | . . . . . . . . . . . . . . . . . . . . . . . . . Special Melee Weapon 3 | . . . . . . . . 2 1 . . . . . . . . . . . . . . . Unidentified Prototypes 9 | . . . . . . . . . . . . 2 . . 1 . . . . 4 . . . 2 Corrupted Parts 1 | . . . . . . . . . . . . . . . . . . . . . 1 . . . System Corruption 4 | . . . . . . . . . . . . . . . . . . . . . 4 . . . Parts Lost 43 | . 2 . . . 12 3 . 5 . 1 . . . . . 1 . . 2 . . 1 . 16 Power 6 | . . . . . 1 1 . 1 . . . . . . . 1 . . . . . . . 2 Propulsion 9 | . . . . . 2 . . 1 . . . . . . . . . . 1 . . . . 5 Utility 20 | . 1 . . . 7 2 . 2 . 1 . . . . . . . . 1 . . 1 . 5 Weapon 8 | . 1 . . . 2 . . 1 . . . . . . . . . . . . . . . 4 Highest Loss Streak 6 | . 1 . . . 5 2 . 2 . 1 . . . . . 1 . . 1 . . 1 . 6 To Critical Strikes . | . . . . . . . . . . . . . . . . . . . . . . . . . Average Slot Usage (%) 95 | . 99 100 100 100 96 89 94 99 99 100 99 93 93 93 92 92 98 100 97 91 95 95 89 87 Engine 6 | . 14 14 14 14 9 6 . 8 7 7 6 6 6 4 . 2 5 5 5 5 5 5 5 4 Core 1 | . . . . . . 2 9 . . . . . . 1 6 3 . . . . . 5 5 4 Treads 25 | . 27 28 28 28 17 18 15 18 29 30 26 26 26 26 25 26 29 29 26 23 24 29 26 25 Device 10 | . 11 . . . 21 12 27 11 14 7 13 6 6 4 6 4 5 10 10 9 10 9 10 9 Storage 7 | . 14 14 14 14 9 9 9 9 7 7 6 6 6 6 6 6 5 5 5 5 5 5 5 4 Processor 6 | . . . . . . 7 9 9 7 15 13 13 13 13 13 7 10 11 5 8 5 5 5 4 Hackware 10 | . . . . . . . 8 15 15 7 6 6 6 6 6 13 17 17 17 17 17 14 10 9 Protection 5 | . 2 14 14 14 20 15 . 8 . 7 6 6 6 7 6 6 3 . 5 3 5 3 5 4 Energy Gun 2 | . . . . . . . . 6 . . 5 . 6 6 6 6 5 5 5 5 3 . . . Energy Cannon 5 | . 5 7 . . 8 6 7 7 14 7 6 . 6 6 6 6 5 5 4 5 3 5 2 4 Ballistic Gun 2 | . 22 14 14 14 6 . . . . . . . . . . . . . . . . . . . Ballistic Cannon 2 | . . . . . 2 5 . 3 . 5 6 . 6 6 4 . . 5 3 3 . 4 2 4 Launcher 1 | . . 7 14 14 . 6 8 . . . . 20 . . . . . . . . 3 . 6 . Special Weapon 1 | . . . . . . . . . . . . . . . 1 5 4 . 1 . 4 5 5 4 Naked Turns 20 | . . . . . . . . . . . . . . . . . . . . . . . . 20 Heaviest Build 149 | 12 33 33 32 32 54 45 38 53 59 61 66 71 73 80 70 71 127 125 129 127 126 149 149 149 Greatest Support 207 | 32 46 46 46 46 46 46 46 53 101 101 101 101 101 101 114 116 146 146 146 118 145 189 189 207 Greatest Overweight (x) 1 | . . . . . 1 . . 1 . . . . . . . . . . 1 1 1 . . . Average Overweight (x) . | . . . . . . . . . . . . . . . . . . . . . . . . . Largest Inventory Capacity 25 | 8 15 15 15 15 15 15 15 15 15 15 15 15 15 15 25 15 25 25 25 25 25 25 25 25 Average Capacity 19 | 7 10 15 15 15 15 15 15 15 15 15 15 15 15 15 15 15 24 25 25 25 25 25 25 24 Most Carried 25 | 8 15 15 15 15 15 15 15 15 15 15 15 15 15 15 16 15 20 25 25 25 25 25 25 25 Average Carried 18 | 5 10 14 15 14 14 14 14 14 14 14 14 14 15 14 14 13 14 22 24 24 24 24 25 24 Final Capacity 25 | 8 15 15 15 15 15 15 15 15 15 15 15 15 15 15 15 15 25 25 25 25 25 25 25 5 Final Carried 25 | 8 15 15 15 15 14 15 15 15 15 15 15 15 15 15 15 13 20 25 25 25 25 25 25 5 Class Distribution -------------------- 40% | Bothacker-Mutant 21% | Mutant 17% | Bothacker-Skirmisher 14% | Scavenger-Mutant 3% | Scavenger-Skirmisher Dominant Class ---------------- Mutant | -10/Materials Mutant | -10/Mines Mutant | -10/Exiles Mutant | -9/Mines Mutant | -8/Materials Mutant | -8/Garrison Scavenger-Skirmisher | -8/Materials Bothacker-Mutant | -8/Garrison Scavenger-Mutant | -7/Factory Scavenger-Mutant | -7/Garrison Bothacker-Mutant | -6/Factory Bothacker-Mutant | -6/Waste Bothacker-Skirmisher | -6/Factory Bothacker-Mutant | -6/Garrison Bothacker-Skirmisher | -6/Factory Bothacker-Mutant | -6/Garrison Bothacker-Skirmisher | -5/Factory Bothacker-Skirmisher | -5/Upper Caves Bothacker-Skirmisher | -5/Upper Caves Bothacker-Skirmisher | -5/Zhirov Bothacker-Mutant | -4/Proximity Caves Bothacker-Mutant | -4/Factory Bothacker-Mutant | -4/Upper Caves Bothacker-Mutant | -4/Warlord Resources | -11 -10 -10 -10 -9 -8 -8 -8 -8 -7 -7 -6 -6 -6 -6 -6 -6 -5 -5 -5 -5 -4 -4 -4 -4 ----------- Run | Scr Mat Min Exi Min Mat Gar Mat Gar Fac Gar Fac Was Fac Gar Fac Gar Fac Upp Upp Zhi Pro Fac Upp War Matter Collected 5213 | 302 361 73 . 21 450 261 . 473 130 261 . 476 . 130 45 192 285 108 467 110 265 269 24 510 Remotely . | . . . . . . . . . . . . . . . . . . . . . . . . . Salvage Created 5939 | 109 593 23 . . 904 318 . 345 192 593 . 458 . . . 85 586 254 222 469 239 172 . 377 Parts 287 | 12 49 13 . . 50 14 . 17 17 34 . 1 . . . 4 15 7 4 7 18 14 . 11 Haulers Intercepted 5 | . 2 . . . 1 . . . . . . . . . . . 2 . . . . . . . Recyclers Shooed 6 | . 1 . . 2 . . . . . . . . . . . . 1 . . . . 2 . . Parts Field Recycled . | . . . . . . . . . . . . . . . . . . . . . . . . . Retrieved Matter . | . . . . . . . . . . . . . . . . . . . . . . . . . Parts Self-Destructed 41 | . . . . . . . . . . . . . . . . . . 3 23 1 14 . . . Prevented 10 | . . . . . . . . . . . . . . . . . . . 4 5 1 . . . Kills | -11 -10 -10 -10 -9 -8 -8 -8 -8 -7 -7 -6 -6 -6 -6 -6 -6 -5 -5 -5 -5 -4 -4 -4 -4 ------- Run | Scr Mat Min Exi Min Mat Gar Mat Gar Fac Gar Fac Was Fac Gar Fac Gar Fac Upp Upp Zhi Pro Fac Upp War Combat Hostiles Destroyed 140 | . 12 6 . . 21 13 . 12 4 23 . 3 . . . 2 4 1 7 . 14 5 . 13 Melee 1 | . . . . . 1 . . . . . . . . . . . . . . . . . . . Guns 25 | . 10 . . . 6 . . 2 . . . . . . . 2 1 . 3 . 1 . . . Cannons 48 | . 2 . . . 10 3 . 8 4 10 . . . . . . 1 1 . . . 4 . 5 AOE 62 | . . 6 . . 4 10 . 2 . 13 . 3 . . . . 2 . 4 . 13 . . 5 Classes Destroyed 21 | 2 6 . . . 2 . . 1 1 . . 1 . . . 1 2 3 . . . . . 2 Worker 2 | . 1 . . . . . . . . . . . . . . . 1 . . . . . . . Builder 3 | . . . . . . . . . . . . . . . . . 2 . . . . 1 . . Tunneler 3 | 3 . . . . . . . . . . . . . . . . . . . . . . . . Hauler 5 | . 2 . . . 1 . . . . . . . . . . . 2 . . . . . . . Recycler 5 | 1 1 . . . 1 . . . . . . . . . . . 2 . . . . . . . Minesweeper 3 | . . . . . . . . . . . . . . . . . . 2 1 . . . . . Operator 1 | . 1 . . . . . . . . . . . . . . . . . . . . . . . Watcher 5 | . 3 . . . 1 . . . . . . . . . . . 1 . . . . . . . Swarmer 52 | . 5 6 . . 7 2 . 4 . 13 . . . . . . . . . . 10 . . 5 Grunt 57 | . 7 . . . 8 10 . 5 2 9 . . . . . 1 1 . 7 . 3 1 . 3 Brawler 3 | . . . . . . . . . . . . . . . . . 1 . . . 1 . . 1 Duelist 1 | . . . . . 1 . . . . . . . . . . . . . . . . . . . Sentry 9 | . . . . . 5 1 . 2 . 1 . . . . . . . . . . . . . . Demolisher 1 | . . . . . . . . . . . . . . . . . . . . . . . . 1 Specialist 2 | . . . . . . . . 1 . . . . . . . . . . . . . . . 1 Hunter 1 | . . . . . . . . . . . . . . . . . . 1 . . . . . . Programmer 8 | . . . . . . . . . 2 . . . . . . . 2 . . . . 4 . . Behemoth 1 | . . . . . . . . . . . . . . . . 1 . . . . . . . . Compactor 3 | . . . . . . . . . . . . 3 . . . . . . . . . . . . Striker 2 | . . . . . . . . . . . . . . . . . . . . . . . . 2 Decomposer 2 | . . . . . . . . . . . . . . . . . . 2 . . . . . . Samaritan 4 | . . . . . . . . . . . . . . . . . . 3 1 . . . . . Best Kill Streak 8 | 4 6 3 . . 6 4 . 4 2 7 . 3 . . . 1 8 1 5 . 4 3 . 8 Combat Bots Only 8 | . 3 3 . . 5 4 . 4 2 7 . 3 . . . 1 2 1 5 . 4 3 . 8 Max Kills in Single Turn 8 | 1 1 3 . . 2 2 . 1 1 4 . 1 . . . 1 8 1 3 . 4 2 . 3 Gunslinging . | . . . . . . . . . . . . . . . . . . . . . . . . . Exploded 4 | . . 3 . . 2 2 . 1 . 4 . 1 . . . . 2 . 3 . 4 . . 3 Melee 1 | . . . . . 1 . . . . . . . . . . . . . . . . . . . Uniques/NPCs Destroyed . | . . . . . . . . . . . . . . . . . . . . . . . . . Combat | -11 -10 -10 -10 -9 -8 -8 -8 -8 -7 -7 -6 -6 -6 -6 -6 -6 -5 -5 -5 -5 -4 -4 -4 -4 -------- Run | Scr Mat Min Exi Min Mat Gar Mat Gar Fac Gar Fac Was Fac Gar Fac Gar Fac Upp Upp Zhi Pro Fac Upp War Damage Taken 13667 | . 718 92 . . 1904 519 . 1172 161 971 . 242 . . 93 914 96 116 589 . 131 1022 . 4927 Core 2176 | . 218 29 . . 193 28 . 206 16 138 . 92 . . . 62 18 36 . . . 18 . 1122 Absorbed by Shields 55 | . . . . . . . . . . 55 . . . . . . . . . . . . . . Regen/Repaired (Parts) 966 | . . . . . . . 400 . 148 . . . . . 173 . . . . . . 245 . . Core Remaining (%) 62 | 100 . . . 1 . . . 22 . 78 . . . . . 81 . . . . 94 . . . Volleys Fired 572 | 8 92 4 . 6 66 27 . 28 17 37 3 13 2 2 4 23 26 27 29 30 23 22 . 83 Largest 3 | 2 2 2 . 1 2 2 . 2 2 2 1 2 1 1 1 2 3 3 3 1 2 2 . 2 Hottest 235 | 40 88 50 . 20 112 104 . 110 150 150 90 79 90 90 36 165 218 218 235 88 123 155 . 173 Shots Fired 890 | 16 163 6 . 6 127 37 . 56 27 55 3 22 2 2 5 37 40 43 39 30 27 41 . 106 Gun 293 | 16 150 2 . 6 46 . . 9 . . . . . . 1 15 11 13 8 . 11 . . 5 Cannon 470 | . 13 . . . 78 20 . 39 27 45 3 . 2 2 . 17 24 30 16 30 . 38 . 86 Launcher 102 | . . 4 . . 3 17 . 8 . 10 . 22 . . 2 . . . 8 . 16 . . 12 Special 25 | . . . . . . . . . . . . . . . 2 5 5 . 7 . . 3 . 3 Kinetic 315 | 16 150 2 . 6 63 12 . 13 . 12 . . . . . . 3 3 4 . . 19 . 12 Thermal 403 | . 13 . . . 61 8 . 26 27 33 3 . 2 2 1 32 32 40 20 . 11 19 . 73 Explosive 102 | . . 4 . . 3 17 . 8 . 10 . 22 . . 2 . . . 8 . 16 . . 12 Electromagnetic 45 | . . . . . . . . 9 . . . . . . . . . . . 30 . . . 6 Robot Hit Streak 31 | 4 14 . . 5 31 14 . 9 5 8 3 9 . . 2 12 10 7 10 27 30 5 . 14 Robot Miss Streak 8 | 2 8 . . 2 4 2 . 2 3 3 . 1 . . 1 3 3 5 4 1 2 2 . 4 Penetration Max 1 | . . . . . . . . . . . . . . . . . . . . . . . . 1 Secondary Targets 1 | . 1 . . . . . . . . . . . . . . . . . . . . . . . Max Gunslinging Chain 1 | . 1 . . . . . . . . . . . . . . . . . . . . . . . Shots Hit Robots 547 | 10 103 . . 4 100 21 . 37 14 21 1 17 . . 3 26 23 33 25 27 19 24 . 39 Core Hits 321 | 5 34 6 . 1 39 29 . 20 6 27 . 7 . . 2 8 20 13 21 19 24 9 . 31 Critical Kills 2 | . . . . . . . . . . . . . . . . . . 1 . . . . . 1 Critical Parts Destroyed 1 | . 1 . . . . . . . . . . . . . . . . . . . . . . . Critical Strikes 9 | . 1 . . . 1 . . . . 1 . . . . . . . 2 . . . . . 4 Burn 1 | . . . . . . . . . . . . . . . . . . . . . . . . 1 Meltdown 2 | . . . . . . . . . . . . . . . . . . 1 . . . . . 1 Destroy 1 | . 1 . . . . . . . . . . . . . . . . . . . . . . . Blast 5 | . . . . . 1 . . . . 1 . . . . . . . 1 . . . . . 2 Melee Attacks 19 | . . . . . 15 . . 2 2 . . . . . . . . . . . . . . . Impact . | . . . . . . . . . . . . . . . . . . . . . . . . . Slashing 15 | . . . . . 15 . . . . . . . . . . . . . . . . . . . Piercing . | . . . . . . . . . . . . . . . . . . . . . . . . . Sneak Attacks 2 | . . . . . . . . . 2 . . . . . . . . . . . . . . . Combat Hostiles . | . . . . . . . . . . . . . . . . . . . . . . . . . Follow-up Attacks . | . . . . . . . . . . . . . . . . . . . . . . . . . Damage Inflicted 20197 | 101 1145 277 . 32 2135 1151 . 964 366 1649 33 2118 . . 21 647 1778 842 1171 445 1891 1331 . 2100 Guns 2996 | 101 999 . . 32 458 . . 88 . . . . . . 21 386 238 218 155 . 209 . . 91 Cannons 6989 | . 146 . . . 1373 216 . 518 366 628 33 . . . . 261 267 624 223 445 . 944 . 945 Explosions 10093 | . . 277 . . 200 935 . 358 . 1006 . 2118 . . . . 1273 . 793 . 1682 387 . 1064 Melee 104 | . . . . . 104 . . . . . . . . . . . . . . . . . . . Ramming 15 | . . . . . . . . . . 15 . . . . . . . . . . . . . . Kinetic 3378 | 101 999 . . 32 724 121 . 172 . 200 . . . . . . 66 45 68 . . 549 . 301 Thermal 7446 | . 146 . . . 1107 95 . 346 366 428 33 . . . 21 647 1712 797 310 . 209 634 . 595 Explosive 8581 | . . 277 . . 200 935 . 358 . 1006 . 2118 . . . . . . 793 . 1682 148 . 1064 Electromagnetic 673 | . . . . . . . . 88 . . . . . . . . . . . 445 . . . 140 Impact . | . . . . . . . . . . . . . . . . . . . . . . . . . Slashing 104 | . . . . . 104 . . . . . . . . . . . . . . . . . . . Piercing . | . . . . . . . . . . . . . . . . . . . . . . . . . Highest Corruption 32 | . . . . . . . . . . . . 32 32 32 32 32 . . . . 4 9 9 9 Average Corruption 17 | . . . . . . . . . . . . 17 32 32 32 32 . . . . 4 8 9 3 Corruption Purged . | . . . . . . . . . . . . . . . . . . . . . . . . . Corruption Blocked 17 | . . . . . . . . . . . . . . . . . . . . . . . . 17 Effects 123 | . . . . . . . . . . . . 14 3 16 31 21 . . . . . 8 4 26 Message Errors 35 | . . . . . . . . . . . . 4 1 3 13 5 . . . . . 4 3 2 Matter Fused 26 | . . . . . . . . . . . . 3 1 6 5 5 . . . . . . . 6 Heat Flow Errors 12 | . . . . . . . . . . . . . . 1 4 2 . . . . . 2 . 3 Energy Discharges 15 | . . . . . . . . . . . . . . 2 3 4 . . . . . 1 . 5 Data Loss (minor) 12 | . . . . . . . . . . . . 3 . 2 1 1 . . . . . 1 1 3 Data Loss (major) 10 | . . . . . . . . . . . . 2 1 1 3 1 . . . . . . . 2 Misfires 7 | . . . . . . . . . . . . 1 . . 1 1 . . . . . . . 4 Alerts 3 | . . . . . . . . . . . . 1 . 1 1 . . . . . . . . . Weapon Failures 3 | . . . . . . . . . . . . . . . . 2 . . . . . . . 1 Overload Shots . | . . . . . . . . . . . . . . . . . . . . . . . . . Overflow Damage 780 | . 9 18 . . 8 1 . 5 . 73 . . . . . 18 208 118 55 75 44 86 . 62 Projectiles 324 | . 9 . . . 7 . . 5 . . . . . . . 18 . 118 25 75 . 45 . 22 Explosions 456 | . . 18 . . 1 1 . . . 73 . . . . . . 208 . 30 . 44 41 . 40 Melee . | . . . . . . . . . . . . . . . . . . . . . . . . . Knockbacks 20 | . . . . . . 3 . 2 . 5 . . . . . . . 1 . . . 7 . 2 Impact . | . . . . . . . . . . . . . . . . . . . . . . . . . Kinetic 19 | . . . . . . 3 . 1 . 5 . . . . . . . 1 . . . 7 . 2 Secondary 1 | . . . . . . . . 1 . . . . . . . . . . . . . . . . Self-Inflicted Damage 885 | . . 20 . . . 123 . 39 . 44 . 198 . . . . . . . . 14 65 . 382 Shots 28 | . . 1 . . . 7 . 2 . 2 . 6 . . . . . . . . 1 1 . 8 Rammed 2 | . . . . . . . . . . 2 . . . . . . . . . . . . . . Targets Rammed 2 | . . . . . . . . . . 2 . . . . . . . . . . . . . . Kicked . | . . . . . . . . . . . . . . . . . . . . . . . . . Crushed . | . . . . . . . . . . . . . . . . . . . . . . . . . Highest Temperature 435 | . 320 16 . 3 333 130 . 48 435 85 40 48 92 103 178 393 270 270 329 141 128 223 . 348 Average Temperature 94 | . 119 12 . 3 111 49 . 20 109 29 26 19 51 45 64 129 83 82 84 58 61 122 . 130 Received Heat Transfer 2634 | . 261 . . . 756 234 . 306 54 212 . . . . . 114 27 . 243 . 18 30 . 379 Effects 9 | . 3 . . . . . . . 1 . . . . . . 5 . . . . . . . . Shutdowns 1 | . . . . . . . . . 1 . . . . . . . . . . . . . . . Energy Bleed 2 | . 2 . . . . . . . . . . . . . . . . . . . . . . . Interference 6 | . 1 . . . . . . . . . . . . . . 5 . . . . . . . . Siege Activations . | . . . . . . . . . . . . . . . . . . . . . . . . . Robots Corrupted 2 | . . . . . . . . . . . . . . . . . . . . 1 . . . 1 Combat Hostiles 2 | . . . . . . . . . . . . . . . . . . . . 1 . . . 1 Parts Fried 1 | . . . . . . . . . . . . . . . . . . . 1 . . . . . Impact Corruptions . | . . . . . . . . . . . . . . . . . . . . . . . . . Robots Melted 4 | . . . . . . . . . . . . . . . . . 1 1 . . . 1 . 1 Combat Hostiles 2 | . . . . . . . . . . . . . . . . . . . . . . 1 . 1 Parts Melted 10 | . . . . . . . . . 1 . . . . . . 1 1 3 . . . 1 . 3 Heat Transferred 10690 | . 259 . . . 1813 148 . 555 522 674 50 . . . 50 1121 1547 1203 548 . 500 700 . 1000 Parts Sabotaged . | . . . . . . . . . . . . . . . . . . . . . . . . . Parts Stolen . | . . . . . . . . . . . . . . . . . . . . . . . . . Parts Stripped . | . . . . . . . . . . . . . . . . . . . . . . . . . Power Chain Reactions . | . . . . . . . . . . . . . . . . . . . . . . . . . Missiles Intercepted . | . . . . . . . . . . . . . . . . . . . . . . . . . Alert | -11 -10 -10 -10 -9 -8 -8 -8 -8 -7 -7 -6 -6 -6 -6 -6 -6 -5 -5 -5 -5 -4 -4 -4 -4 ------- Run | Scr Mat Min Exi Min Mat Gar Mat Gar Fac Gar Fac Was Fac Gar Fac Gar Fac Upp Upp Zhi Pro Fac Upp War Peak Influence 863 | 20 223 258 . . 272 761 372 863 465 787 415 259 170 749 562 419 342 . . . . 221 . . Initial 452 | . 13 22 . . . 174 370 241 452 154 413 145 168 119 392 344 219 . . . . 112 . . Average 311 | 6 125 81 . . 128 495 370 647 322 584 414 222 168 463 429 383 268 . . . . 86 . . Maximum Alert Level 3 | . 1 1 . . 1 3 1 3 2 3 2 1 . 3 2 2 1 . . . . 1 . . Low Security (%) 35 | 100 88 94 . 100 77 9 . . 4 3 . 14 100 14 . . 7 . . . . 90 . . Level 1 32 | . 11 5 . . 22 22 100 9 64 5 . 85 . 4 54 73 92 . . . . 9 . . Level 2 22 | . . . . . . 41 . 51 31 52 100 . . 64 45 26 . . . . . . . . Level 3 8 | . . . . . . 26 . 39 . 38 . . . 16 . . . . . . . . . . Level 4 . | . . . . . . . . . . . . . . . . . . . . . . . . . Level 5 . | . . . . . . . . . . . . . . . . . . . . . . . . . High Security . | . . . . . . . . . . . . . . . . . . . . . . . . . Max Security . | . . . . . . . . . . . . . . . . . . . . . . . . . Squads Dispatched 17 | . 2 . . . 4 . . . 3 . . . . . 2 . 2 . . . . 4 . . Investigation 4 | . 1 . . . . . . . 1 . . . . . . . 1 . . . . 1 . . Extermination 5 | . . . . . . . . . 2 . . . . . 1 . 1 . . . . 1 . . Reinforcement 5 | . 1 . . . 1 . . . . . . . . . 1 . . . . . . 2 . . Assault . | . . . . . . . . . . . . . . . . . . . . . . . . . Garrison 3 | . . . . . 3 . . . . . . . . . . . . . . . . . . . Intercept . | . . . . . . . . . . . . . . . . . . . . . . . . . Searches Triggered . | . . . . . . . . . . . . . . . . . . . . . . . . . Construction Impeded . | . . . . . . . . . . . . . . . . . . . . . . . . . Haulers Reinforced 1 | . . . . . . . . . . . . . . . . . . . . . . 1 . . Active Scanning Responses . | . . . . . . . . . . . . . . . . . . . . . . . . . Cargo Convoy Interrupts . | . . . . . . . . . . . . . . . . . . . . . . . . . Stealth | -11 -10 -10 -10 -9 -8 -8 -8 -8 -7 -7 -6 -6 -6 -6 -6 -6 -5 -5 -5 -5 -4 -4 -4 -4 --------- Run | Scr Mat Min Exi Min Mat Gar Mat Gar Fac Gar Fac Was Fac Gar Fac Gar Fac Upp Upp Zhi Pro Fac Upp War Distress Signals 7 | . 3 . . . 3 . . . . . . . . . . . . . . . . 1 . . Communications Jammed 73 | . . . . . . . . . . . . . . . . . 10 . . . . 18 . 45 Distress Signals 73 | . . . . . . . . . . . . . . . . . 10 . . . . 18 . 45 Times Spotted 251 | . 24 6 . . 31 16 . 24 4 23 . 6 . 6 5 7 7 1 20 . 6 14 . 51 Peak Tracking Total 23 | . 4 3 . . 7 6 . 9 2 5 . 2 . 3 3 3 3 1 5 . 4 8 . 23 Tactical Retreats 13 | . 2 . . . 1 3 . . . . . . . 1 . . . . 5 . . . . 1 Traps | -11 -10 -10 -10 -9 -8 -8 -8 -8 -7 -7 -6 -6 -6 -6 -6 -6 -5 -5 -5 -5 -4 -4 -4 -4 ------- Run | Scr Mat Min Exi Min Mat Gar Mat Gar Fac Gar Fac Was Fac Gar Fac Gar Fac Upp Upp Zhi Pro Fac Upp War Traps Triggered 9 | . 1 . . . . . . 2 1 . 1 . . . . . . . . . . . . 4 Indirectly . | . . . . . . . . . . . . . . . . . . . . . . . . . Trap Hack Attempts . | . . . . . . . . . . . . . . . . . . . . . . . . . Triggered . | . . . . . . . . . . . . . . . . . . . . . . . . . Disarmed . | . . . . . . . . . . . . . . . . . . . . . . . . . Reprogrammed . | . . . . . . . . . . . . . . . . . . . . . . . . . Reused . | . . . . . . . . . . . . . . . . . . . . . . . . . Traps Extracted . | . . . . . . . . . . . . . . . . . . . . . . . . . Installed . | . . . . . . . . . . . . . . . . . . . . . . . . . Triggered 21 | . . . . . . . . . . . . . . . . . . 1 2 . 1 . . 17 Machines | -11 -10 -10 -10 -9 -8 -8 -8 -8 -7 -7 -6 -6 -6 -6 -6 -6 -5 -5 -5 -5 -4 -4 -4 -4 ---------- Run | Scr Mat Min Exi Min Mat Gar Mat Gar Fac Gar Fac Was Fac Gar Fac Gar Fac Upp Upp Zhi Pro Fac Upp War Machines Disabled 30 | . 1 . . . 2 2 . 1 . 4 . . . 2 . 2 10 . 1 1 . 3 . 1 Max in Single Turn 9 | . 1 . . . 1 1 . 1 . 1 . . . 1 . 1 9 . 1 1 . 1 . 1 Garrison Access 2 | . . . . . . . . . . . . . . . . . . . . . . 2 . . Garrison Relay 7 | . . . . . . 2 . 1 . 1 . . . 2 . 1 . . . . . . . . Machines Sabotaged . | . . . . . . . . . . . . . . . . . . . . . . . . . Garrisons Compromised 1 | . . . . . . . . . 1 . . . . . . . . . . . . . . . Overloaded Fab Kills . | . . . . . . . . . . . . . . . . . . . . . . . . . Hacking | -11 -10 -10 -10 -9 -8 -8 -8 -8 -7 -7 -6 -6 -6 -6 -6 -6 -5 -5 -5 -5 -4 -4 -4 -4 --------- Run | Scr Mat Min Exi Min Mat Gar Mat Gar Fac Gar Fac Was Fac Gar Fac Gar Fac Upp Upp Zhi Pro Fac Upp War Machines Accessed 56 | . 8 1 4 . 5 . 3 . 8 . 2 . 1 . 2 . 3 1 3 5 . 9 . 1 Terminals 16 | . 6 1 . . 3 . . . 1 . . . . . . . 2 . . . . 3 . . Fabricators 5 | . . . . . . . . . 1 . 1 . . . . . 1 . . . . 2 . . Repair Stations 4 | . . . . . . . 1 . 1 . . . . . 1 . . . . . . 1 . . Recycling Units 9 | . 2 . . . 1 . 1 . 3 . 1 . . . . . . . . . . 1 . . Scanalyzers 1 | . . . . . . . . . 1 . . . . . . . . . . . . . . . Garrison Access 7 | . . . . . 1 . 1 . 1 . . . 1 . 1 . . . . . . 2 . . Total Hacks 156 | . 22 9 4 . 12 . 15 . 21 . 4 . 1 . 3 . 9 1 8 18 . 28 . 1 Successful 105 | . 11 4 4 . 7 . 13 . 15 . 2 . 1 . 3 . 2 1 8 18 . 15 . 1 Failed 50 | . 10 5 . . 5 . 2 . 6 . 2 . . . . . 7 . . . . 13 . . Catastrophic 7 | . 1 . . . . . . . 1 . 1 . . . . . 3 . . . . 1 . . Database Lockouts 1 | . 1 . . . . . . . . . . . . . . . . . . . . . . . Manual 55 | . 12 9 . . 6 . 4 . 9 . 1 . . . . . 5 . . . . 9 . . Terminals 54 | . 18 9 . . 7 . . . 3 . . . . . . . 6 . . . . 11 . . Fabricators 10 | . . . . . . . . . 2 . 2 . . . . . 3 . . . . 3 . . Repair Stations 18 | . . . . . . . 8 . 2 . . . . . 2 . . . . . . 6 . . Recycling Units 28 | . 4 . . . 4 . 5 . 11 . 2 . . . . . . . . . . 2 . . Scanalyzers 1 | . . . . . . . . . 1 . . . . . . . . . . . . . . . Garrison Access 13 | . . . . . 1 . 2 . 2 . . . 1 . 1 . . . . . . 6 . . Terminal Hacks 50 | . 6 4 4 . 2 . . . 1 . . . . . . . 1 1 8 18 . 4 . 1 Record 18 | . . . 4 . . . . . . . . . . . . . . . 7 6 . . . 1 Part Schematic 5 | . 1 . . . . . . . . . . . . . . . . . . 4 . . . . Robot Analysis 8 | . . 4 . . . . . . . . . . . . . . . . . 4 . . . . Prototype ID Bank 7 | . 2 . . . 1 . . . . . . . . . . . . . . 4 . . . . Open Door 2 | . . . . . . . . . . . . . . . . . . 1 1 . . . . . Branch Access Points 2 | . . . . . . . . . . . . . . . . . 1 . . . . 1 . . Locate Traps 4 | . 2 . . . 1 . . . . . . . . . . . . . . . . 1 . . Garrison Status 1 | . . . . . . . . . 1 . . . . . . . . . . . . . . . Recall Reinforcements 1 | . 1 . . . . . . . . . . . . . . . . . . . . . . . Hauler Manifests 1 | . . . . . . . . . . . . . . . . . . . . . . 1 . . Zone Layout 1 | . . . . . . . . . . . . . . . . . . . . . . 1 . . Fabricator Hacks 4 | . . . . . . . . . 1 . 1 . . . . . 1 . . . . 1 . . Network Status 3 | . . . . . . . . . 1 . 1 . . . . . 1 . . . . . . . Build 1 | . . . . . . . . . . . . . . . . . . . . . . 1 . . Repair Station Hacks 17 | . . . . . . . 8 . 2 . . . . . 2 . . . . . . 5 . . Scan Component 9 | . . . . . . . 4 . 1 . . . . . 1 . . . . . . 3 . . Repair 8 | . . . . . . . 4 . 1 . . . . . 1 . . . . . . 2 . . Recycling Unit Hacks 5 | . 1 . . . 1 . 1 . 1 . 1 . . . . . . . . . . . . . Retrieve Components 5 | . 1 . . . 1 . 1 . 1 . 1 . . . . . . . . . . . . . Scanalyzer 1 | . . . . . . . . . 1 . . . . . . . . . . . . . . . Insert Component 1 | . . . . . . . . . 1 . . . . . . . . . . . . . . . Garrison Access Hacks 10 | . . . . . 1 . 2 . 2 . . . 1 . 1 . . . . . . 3 . . Unlock Access 5 | . . . . . 1 . 1 . 1 . . . 1 . 1 . . . . . . . . . Seal Access 2 | . . . . . . . . . . . . . . . . . . . . . . 2 . . Coupler Status 3 | . . . . . . . 1 . 1 . . . . . . . . . . . . 1 . . Unauthorized Hacks 18 | . 4 . . . 3 . 2 . 7 . . . . . . . . . . . . 2 . . Terminals 6 | . 3 . . . 1 . . . 1 . . . . . . . . . . . . 1 . . Botnet 4 | . 2 . . . 1 . . . 1 . . . . . . . . . . . . . . . Operators 2 | . 1 . . . . . . . . . . . . . . . . . . . . 1 . . Fabricators . | . . . . . . . . . . . . . . . . . . . . . . . . . Repair Stations . | . . . . . . . . . . . . . . . . . . . . . . . . . Recycling Units 11 | . 1 . . . 2 . 2 . 6 . . . . . . . . . . . . . . . Reject 6 | . 1 . . . 1 . 1 . 3 . . . . . . . . . . . . . . . Recyclers 1 | . . . . . . . . . 1 . . . . . . . . . . . . . . . Mask 4 | . . . . . 1 . 1 . 2 . . . . . . . . . . . . . . . Scanalyzers . | . . . . . . . . . . . . . . . . . . . . . . . . . Garrison Access 1 | . . . . . . . . . . . . . . . . . . . . . . 1 . . Watchers 1 | . . . . . . . . . . . . . . . . . . . . . . 1 . . Data Cores Recovered . | . . . . . . . . . . . . . . . . . . . . . . . . . Used . | . . . . . . . . . . . . . . . . . . . . . . . . . Hacking Detections 36 | . 8 1 . . 4 . 3 . 5 . 2 . 1 . 1 . 3 . . . . 8 . . Full Trace Events 3 | . . . . . . . 1 . . . . . . . . . 1 . . . . 1 . . Feedback Events 1 | . . . . . . . . . . . . . . . . . . . . . . 1 . . Hackware Fried 1 | . . . . . . . . . . . . . . . . . . . . . . 1 . . Feedback Blocked . | . . . . . . . . . . . . . . . . . . . . . . . . . Robot Schematics Acquired . | . . . . . . . . . . . . . . . . . . . . . . . . . Robots Built . | . . . . . . . . . . . . . . . . . . . . . . . . . Authchips . | . . . . . . . . . . . . . . . . . . . . . . . . . Time . | . . . . . . . . . . . . . . . . . . . . . . . . . Total Robot Build Rating . | . . . . . . . . . . . . . . . . . . . . . . . . . Part Schematics Acquired 5 | . 1 . . . . . . . . . . . . . . . . . . 4 . . . . Parts Built 2 | . . . . . . . . . . . . . . . . . . . . . . 2 . . Authchips . | . . . . . . . . . . . . . . . . . . . . . . . . . Time 117 | . . . . . . . . . . . . . . . . . . . . . . 117 . . Total Part Build Rating 14 | . . . . . . . . . . . . . . . . . . . . . . 14 . . Parts Repaired 8 | . . . . . . . 4 . 1 . . . . . 1 . . . . . . 2 . . Time 310 | . . . . . . . 128 . 32 . . . . . 50 . . . . . . 100 . . Parts Recycled . | . . . . . . . . . . . . . . . . . . . . . . . . . Recycled Matter . | . . . . . . . . . . . . . . . . . . . . . . . . . Retrieved Matter . | . . . . . . . . . . . . . . . . . . . . . . . . . Retrieved Components 23 | . 10 . . . 10 . 1 . 2 . . . . . . . . . . . . . . . Parts Scanalyzed . | . . . . . . . . . . . . . . . . . . . . . . . . . Part Schematics Acquired . | . . . . . . . . . . . . . . . . . . . . . . . . . Parts Damaged . | . . . . . . . . . . . . . . . . . . . . . . . . . Bothacking | -11 -10 -10 -10 -9 -8 -8 -8 -8 -7 -7 -6 -6 -6 -6 -6 -6 -5 -5 -5 -5 -4 -4 -4 -4 ------------ Run | Scr Mat Min Exi Min Mat Gar Mat Gar Fac Gar Fac Was Fac Gar Fac Gar Fac Upp Upp Zhi Pro Fac Upp War Used RIF Installer 5 | . . . . . . 1 . 1 . 1 . . . 1 . 1 . . . . . . . . Coupler Efficiency 1 | . . . . . . . . . . . . . . . . 1 . . . . . . . . Command Fork 1 | . . . . . . . . . . 1 . . . . . . . . . . . . . . Signal Jammer 1 | . . . . . . . . . . . . . . 1 . . . . . . . . . . Robot Detection 1 | . . . . . . . . 1 . . . . . . . . . . . . . . . . Robots Hacked 15 | . . . . . . . . 2 1 . . . . . 1 2 2 . 3 . . 2 . 2 Non-combat 3 | . . . . . . . . . 1 . . . . . 1 . 1 . . . . . . . Combat 12 | . . . . . . . . 2 . . . . . . . 2 1 . 3 . . 2 . 2 Robot Hacks Applied 17 | . . . . . . . . 2 2 . . . . . 1 3 2 . 3 . . 2 . 2 parse_system 1 | . . . . . . . . . 1 . . . . . . . . . . . . . . . drop_inventory 1 | . . . . . . . . . 1 . . . . . . . . . . . . . . . mark_security 1 | . . . . . . . . . . . . . . . . . 1 . . . . . . . overload_power 1 | . . . . . . . . . . . . . . . . . . . . . . 1 . . amplify_resonance 8 | . . . . . . . . . . . . . . . . 2 1 . 3 . . 1 . 1 reboot_system 1 | . . . . . . . . . . . . . . . . . . . . . . . . 1 streamctrl_high 2 | . . . . . . . . 2 . . . . . . . . . . . . . . . . formatsys_low 1 | . . . . . . . . . . . . . . . 1 . . . . . . . . . formatsys_high 1 | . . . . . . . . . . . . . . . . 1 . . . . . . . . Relay Couplers Released 29 | . . . . . . 8 . 5 . 3 . . . 8 . 5 . . . . . . . . Machine Destruction 29 | . . . . . . 8 . 5 . 3 . . . 8 . 5 . . . . . . . . Attached 7 | . . . . . . . . 1 1 1 . . . . . 2 1 . . . . . . 1 Fabnet Peak Effective % . | . . . . . . . . . . . . . . . . . . . . . . . . . Robots Rewired 3 | . . . . . . . . 3 . . . . . . . . . . . . . . . . Allies Hacked . | . . . . . . . . . . . . . . . . . . . . . . . . . Hacks Repelled . | . . . . . . . . . . . . . . . . . . . . . . . . . Allies | -11 -10 -10 -10 -9 -8 -8 -8 -8 -7 -7 -6 -6 -6 -6 -6 -6 -5 -5 -5 -5 -4 -4 -4 -4 -------- Run | Scr Mat Min Exi Min Mat Gar Mat Gar Fac Gar Fac Was Fac Gar Fac Gar Fac Upp Upp Zhi Pro Fac Upp War Total Allies 40 | . . . . . . . . 5 12 . . 19 . . 1 1 . . 2 . . . . . Largest Group 19 | . . . . . . . . 4 8 . . 19 15 14 10 3 1 . 2 . . . . . Highest-Rated Group 702 | . . . . . . . . 78 208 . . 702 602 556 401 65 27 . 62 . . . . . Highest-Rated Ally 50 | . . . . . . . . 21 31 . . 50 50 50 50 27 27 . 31 . . . . . Total Orders 1 | . . . . . . . . . . . . . . . . . . . . . . . . 1 RETURN 1 | . . . . . . . . . . . . . . . . . . . . . . . . 1 Ally Attacks 253 | . . . . . . . . 45 32 . . 57 . 50 48 3 . . 18 . . . . . Total Damage 6819 | . . . . . . . . 893 604 . . 2558 . 1238 1255 47 . . 224 . . . . . Kills 49 | . . . . . . . . 15 3 . . 6 . 13 8 . . . 4 . . . . . Allies Corrupted . | . . . . . . . . . . . . . . . . . . . . . . . . . Allies Melted 2 | . . . . . . . . . . . . . . . 1 . . . . . . . . 1 Intel | -11 -10 -10 -10 -9 -8 -8 -8 -8 -7 -7 -6 -6 -6 -6 -6 -6 -5 -5 -5 -5 -4 -4 -4 -4 ------- Run | Scr Mat Min Exi Min Mat Gar Mat Gar Fac Gar Fac Was Fac Gar Fac Gar Fac Upp Upp Zhi Pro Fac Upp War Robot Analysis Total 8 | . . 4 . . . . . . . . . . . . . . . . . 4 . . . . Derelict Logs Recovered 4 | . . . . . . . . . . . . . . . . . . 1 1 . 2 . . . Drone Launches 3 | . . . . . . . . . . . . . . . . . . . . . . . . 3 Drone Recoveries 3 | . . . . . . . . . . . . . . . . . . . . . . . . 3 Exploration | -11 -10 -10 -10 -9 -8 -8 -8 -8 -7 -7 -6 -6 -6 -6 -6 -6 -5 -5 -5 -5 -4 -4 -4 -4 ------------- Run | Scr Mat Min Exi Min Mat Gar Mat Gar Fac Gar Fac Was Fac Gar Fac Gar Fac Upp Upp Zhi Pro Fac Upp War Turns Passed 20002 | 84 1412 413 481 93 1151 600 219 1150 1281 873 268 377 52 316 630 429 866 1410 2090 499 1426 1063 100 2719 Spaces Moved 8955 | 44 672 250 301 47 452 324 45 539 670 445 149 200 24 172 333 210 418 812 1043 173 645 534 61 392 Core 48 | 9 . . . . . . . . . . . . . . . . . . . . . . . 39 Treads 8855 | . 655 250 301 47 452 324 45 539 670 445 149 200 24 172 333 210 418 812 1043 173 645 534 61 353 Legs . | . . . . . . . . . . . . . . . . . . . . . . . . . Wheels 52 | 35 17 . . . . . . . . . . . . . . . . . . . . . . . Hover . | . . . . . . . . . . . . . . . . . . . . . . . . . Flight . | . . . . . . . . . . . . . . . . . . . . . . . . . Fastest Speed 50 | 50 100 160 160 160 160 160 160 160 160 160 160 160 160 160 160 160 160 160 160 160 162 161 161 50 Average Speed 169 | 89 158 160 160 160 188 160 160 170 160 160 160 160 160 160 160 160 160 160 188 223 207 162 161 149 Slowest Speed 240 | 100 160 160 160 160 240 160 160 240 160 160 160 160 160 160 160 160 160 160 240 240 240 164 161 163 Overloaded Moves . | . . . . . . . . . . . . . . . . . . . . . . . . . Propulsion Burnouts . | . . . . . . . . . . . . . . . . . . . . . . . . . Robots Hopped . | . . . . . . . . . . . . . . . . . . . . . . . . . Cave-ins Triggered . | . . . . . . . . . . . . . . . . . . . . . . . . . Teleports 1 | . . . . . . . . . . . . . . . . . . . . . . . . 1 Exploration Rate (%) 45 | 5 97 59 70 11 42 51 9 69 23 76 5 85 2 48 12 40 13 96 96 60 83 17 11 49 Regions Visited 24 Branch Regions 9 Pre-discovered Areas 4 | . . . . . . . . . . . . . . . . . . . 1 3 . . . . Known Exits Taken 12 | . . . . . 1 . 1 . 1 . . . 1 . 1 . 1 1 1 1 1 1 1 . Unknown Exits Taken 5 | 1 1 1 1 1 . . . . . . . . . . . . . . . . . . . . Scrap Searched 13 | . . 2 . 1 . . . . . . . . . . . . . 2 4 . 3 . 1 . Spaces Dug 160 | . . 6 . . 3 . . . 7 13 2 15 2 . . . 10 1 16 . 20 . . 65 Terrain Destroyed 866 | . . 27 . . 10 50 . 25 11 66 2 131 2 . 13 . 32 9 51 . 177 32 . 228 Melee 3 | . . . . . 3 . . . . . . . . . . . . . . . . . . . Projectile 118 | . . . . . 5 . . 1 11 . 2 . 2 . . . 13 9 6 . . 9 . 60 AOE 745 | . . 27 . . 2 50 . 24 . 66 . 131 . . 13 . 19 . 45 . 177 23 . 168 Terrain Rammed . | . . . . . . . . . . . . . . . . . . . . . . . . . Walls Destroyed . | . . . . . . . . . . . . . . . . . . . . . . . . . Machines Disabled . | . . . . . . . . . . . . . . . . . . . . . . . . . Actions | -11 -10 -10 -10 -9 -8 -8 -8 -8 -7 -7 -6 -6 -6 -6 -6 -6 -5 -5 -5 -5 -4 -4 -4 -4 --------- Run | Scr Mat Min Exi Min Mat Gar Mat Gar Fac Gar Fac Was Fac Gar Fac Gar Fac Upp Upp Zhi Pro Fac Upp War Total 12881 | 72 877 258 300 61 605 368 190 714 851 544 178 233 34 211 427 262 575 877 1123 255 697 691 62 2416 Wait 2789 | 2 61 . . 4 19 1 133 89 127 45 12 7 5 26 57 16 107 19 8 31 17 96 . 1907 Move 8937 | 43 671 249 300 46 452 323 45 538 670 444 149 199 24 171 333 209 417 811 1042 172 644 533 60 392 Hop . | . . . . . . . . . . . . . . . . . . . . . . . . . Pick Up 158 | 12 21 2 . 2 16 4 3 7 13 2 5 4 . 2 7 2 12 9 8 2 4 12 . 9 Fast Attach 39 | 3 2 . . . 2 4 4 4 . . 1 . . 3 1 2 . . 1 7 . 4 . 1 Attach 54 | 4 1 . . . 13 3 1 3 3 2 2 1 . . . 1 4 . 1 . 2 2 . 11 Detach 4 | . . . . . . 2 . . . 1 . . . . . . . . . 1 . . . . Swap 160 | . 11 1 . 1 15 2 2 10 10 10 1 5 3 2 14 6 7 8 26 4 5 7 2 8 Drop 121 | . 18 2 . 2 7 2 2 8 9 1 5 4 . 5 11 3 2 3 8 8 2 15 . 4 Fire 572 | 8 92 4 . 6 66 27 . 28 17 37 3 13 2 2 4 23 26 27 29 30 23 22 . 83 Melee 19 | . . . . . 15 . . 2 2 . . . . . . . . . . . . . . . Ram . | . . . . . . . . . . . . . . . . . . . . . . . . . Kick . | . . . . . . . . . . . . . . . . . . . . . . . . . Crush 2 | . . . . . . . . . . 2 . . . . . . . . . . . . . . Escape Stasis . | . . . . . . . . . . . . . . . . . . . . . . . . . Rewire 26 | . . . . . . . . 25 . . . . . . . . . . . . . . . 1 Trap . | . . . . . . . . . . . . . . . . . . . . . . . . . Miscellaneous . | . . . . . . . . . . . . . . . . . . . . . . . . . Route ------- -11/Scrapyard -10/Materials (discovered 5 exits: [*Mat x3] / *Min x2) -10/Mines -10/Exiles -9/Mines -8/Materials (discovered 2 exits: *Fac / Gar) -8/Garrison (discovered 2 exits: *Mat x2) -8/Materials -8/Garrison (discovered 3 exits: *Fac x3) -7/Factory (discovered 2 exits: *Fac / Gar) -7/Garrison (discovered 3 exits: *Fac x3) -6/Factory -6/Waste -6/Factory -6/Garrison -6/Factory (discovered 2 exits: *Low / Gar) -6/Garrison -5/Factory (discovered 2 exits: *Upp x2) -5/Upper Caves -5/Upper Caves (discovered 2 exits: *Fac / *Zhi) -5/Zhirov -4/Proximity Caves -4/Factory (discovered 4 exits: [*Res] / *Upp x2 / Arm) -4/Upper Caves -4/Warlord History --------- Turn | Location | Event 10 | -11/Scrapyard | Discovered new exit (range 15) 85 | -11/Scrapyard | Entered Materials 291 | -10/Materials | Discovered new exit (range 15) 304 | -10/Materials | Build established: Mutant 602 | -10/Materials | Discovered new exit (range 14) 701 | -10/Materials | Core integrity fell below 50% 796 | -10/Materials | Discovered new exit (range 16) 934 | -10/Materials | Core integrity fell below 20% 1006 | -10/Materials | Discovered new exit (range 15) 1095 | -10/Materials | Central database locked down 1255 | -10/Materials | Discovered new exit (range 16) 1497 | -10/Materials | Entered Mines 1520 | -10/Mines | Met a Derelict bent on vengeance 1553 | -10/Mines | Found a damaged Exp. Sensor Array with a note attached 1557 | -10/Mines | Found Prototype Device 1783 | -10/Mines | A weapon hastily lodged in a ceiling crevice suddenly fell to the ground 1904 | -10/Mines | Deemed a non-threat by the Exiles lab entrance 1904 | -10/Mines | Discovered new exit (range 5) 1910 | -10/Mines | Entered Exiles 1910 | -10/Exiles | Found Exiles lab abandoned 2375 | -10/Exiles | Discovered new exit (range 11) 2391 | -10/Exiles | Entered Mines 2473 | -9/Mines | Discovered new exit (range 3) 2480 | -9/Mines | Received a Rocket Launcher from a helpful Derelict 2484 | -9/Mines | Entered Materials 2484 | -8/Materials | Evolved 4 slots: Utility x4 3234 | -8/Materials | Garrison activated, responded to threat 3358 | -8/Materials | Lost 5 parts (1p2u2w) 3415 | -8/Materials | Discovered new exit (range 7) 3622 | -8/Materials | Lost 3 parts (1n2u) 3633 | -8/Materials | Identified exit to Garrison 3635 | -8/Materials | Entered Garrison 3684 | -8/Garrison | Triggered checkpoint 3714 | -8/Garrison | Garrison Relay disabled 3908 | -8/Garrison | Discovered new exit (range 10) 3921 | -8/Garrison | Identified exit to Materials 3948 | -8/Garrison | Triggered checkpoint 3994 | -8/Garrison | Garrison Relay disabled 4072 | -8/Garrison | Triggered checkpoint 4186 | -8/Garrison | Triggered checkpoint 4205 | -8/Garrison | Discovered exit to Materials (range 10) 4229 | -8/Garrison | Installed Relay Interface Framework 4235 | -8/Garrison | Entered Materials 4315 | -8/Materials | Repaired Imp. Treads 4349 | -8/Materials | Repaired Imp. Treads 4376 | -8/Materials | Repaired Grenade Launcher 4416 | -8/Materials | Repaired Ion Cannon 4454 | -8/Materials | Identified exit to Garrison 4454 | -8/Materials | Entered Garrison 4492 | -8/Garrison | Triggered checkpoint 4516 | -8/Garrison | Triggered checkpoint 4543 | -8/Garrison | Core integrity fell below 50% 4714 | -8/Garrison | Triggered checkpoint 4849 | -8/Garrison | Build established: Bothacker-Mutant 4963 | -8/Garrison | Spotted B-75 Beast 4979 | -8/Garrison | Allies destroyed B-75 Beast 5059 | -8/Garrison | Discovered new exit (range 9) 5071 | -8/Garrison | Identified exit to Factory 5150 | -8/Garrison | Triggered checkpoint 5286 | -8/Garrison | Triggered checkpoint 5310 | -8/Garrison | Triggered checkpoint 5386 | -8/Garrison | Triggered checkpoint 5430 | -8/Garrison | Discovered exit to Factory (range 10) 5563 | -8/Garrison | Discovered exit to Factory (range 15) 5598 | -8/Garrison | Expanded RIF knowledge: Robot Detection 5604 | -8/Garrison | Entered Factory 5604 | -7/Factory | Evolved 2 slots: Propulsion x2 5651 | -7/Factory | Repaired Imp. Treads 5857 | -7/Factory | Identified Exp. Sensor Array 6152 | -7/Factory | Build established: Scavenger-Mutant 6290 | -7/Factory | Discovered new exit (range 4) 6293 | -7/Factory | Identified exit to Factory 6885 | -7/Factory | Identified exit to Garrison 6885 | -7/Factory | Entered Garrison 6895 | -7/Garrison | Triggered checkpoint 6985 | -7/Garrison | Destroyed 7 combat bots 7118 | -7/Garrison | Triggered checkpoint 7210 | -7/Garrison | Discovered exit to Factory (range 15) 7314 | -7/Garrison | Garrison Relay disabled 7356 | -7/Garrison | Triggered checkpoint 7409 | -7/Garrison | Triggered checkpoint 7450 | -7/Garrison | Destroyed 7 combat bots 7556 | -7/Garrison | Discovered exit to Factory (range 12) 7657 | -7/Garrison | Discovered exit to Factory (range 12) 7684 | -7/Garrison | Expanded RIF knowledge: Command Fork 7758 | -7/Garrison | Entered Factory 7758 | -6/Factory | Evolved 2 slots: Utility x1, Weapon x1 8026 | -6/Factory | Sucked down chute 8026 | -6/Factory | Entered Waste 8041 | -6/Waste | EMP discharged 8046 | -6/Waste | Spotted C-40 Crusher 8048 | -6/Waste | Spotted C-40 Crusher 8064 | -6/Waste | Destroyed C-40 Crusher 8073 | -6/Waste | Destroyed C-40 Crusher 8076 | -6/Waste | Spotted C-40 Crusher 8091 | -6/Waste | Destroyed C-40 Crusher 8141 | -6/Waste | EMP discharged 8141 | -6/Waste | System corruption reached 10% 8152 | -6/Waste | Spotted C-40 Crusher 8172 | -6/Waste | Met Warlord forces unprepared to attack 8180 | -6/Waste | Allies destroyed C-40 Crusher 8241 | -6/Waste | EMP discharged 8248 | -6/Waste | Spotted C-40 Crusher 8251 | -6/Waste | Spotted C-40 Crusher 8254 | -6/Waste | Allies destroyed C-40 Crusher 8259 | -6/Waste | Allies destroyed C-40 Crusher 8341 | -6/Waste | EMP discharged 8341 | -6/Waste | System corruption reached 30% 8359 | -6/Waste | Build established: Bothacker-Mutant 8379 | -6/Waste | Discovered new exit (range 12) 8397 | -6/Waste | Identified exit to Factory 8403 | -6/Waste | Entered Factory 8403 | -6/Factory | Accompanied by 15 allies 8450 | -6/Factory | Identified exit to Garrison 8455 | -6/Factory | Entered Garrison 8455 | -6/Garrison | Accompanied by 14 allies 8490 | -6/Garrison | Triggered checkpoint 8510 | -6/Garrison | Garrison Relay disabled 8616 | -6/Garrison | Triggered checkpoint 8618 | -6/Garrison | Triggered checkpoint 8656 | -6/Garrison | Triggered checkpoint 8693 | -6/Garrison | Garrison Relay disabled 8733 | -6/Garrison | Discovered new exit (range 14) 8753 | -6/Garrison | Identified exit to Factory 8765 | -6/Garrison | Expanded RIF knowledge: Signal Jamming 8771 | -6/Garrison | Entered Factory 8771 | -6/Factory | Accompanied by 10 allies 8879 | -6/Factory | Repaired Imp. Medium Treads 9233 | -6/Factory | Build established: Bothacker-Skirmisher 9253 | -6/Factory | Discovered new exit (range 9) 9321 | -6/Factory | Identified exit to Lower Caves 9401 | -6/Factory | Identified exit to Garrison 9401 | -6/Factory | Entered Garrison 9401 | -6/Garrison | Accompanied by 2 allies 9456 | -6/Garrison | Triggered checkpoint 9484 | -6/Garrison | Garrison Relay disabled 9543 | -6/Garrison | Spotted B-75 Beast 9657 | -6/Garrison | Destroyed B-75 Beast 9690 | -6/Garrison | Triggered checkpoint 9692 | -6/Garrison | Triggered checkpoint 9755 | -6/Garrison | Build established: Bothacker-Mutant 9798 | -6/Garrison | Discovered new exit (range 10) 9812 | -6/Garrison | Identified exit to Factory 9823 | -6/Garrison | Expanded RIF knowledge: Coupler Efficiency 9830 | -6/Garrison | Entered Factory 9830 | -5/Factory | Accompanied by 1 ally 9830 | -5/Factory | Evolved 2 slots: Propulsion x1, Utility x1 10126 | -5/Factory | Build established: Bothacker-Skirmisher 10416 | -5/Factory | Identified exit to Upper Caves 10696 | -5/Factory | Entered Upper Caves 11738 | -5/Upper Caves | Learned Factory emergency access door positions 11848 | -5/Upper Caves | Discovered new exit (range 14) 12060 | -5/Upper Caves | Identified exit to Upper Caves 12106 | -5/Upper Caves | Entered another Upper Caves area 12173 | -5/Upper Caves | Learned Armory trap positions 12173 | -5/Upper Caves | Learned Armory security intel 12175 | -5/Upper Caves | A Commander dispatched an escort 12341 | -5/Upper Caves | Found Alien Artifact 12400 | -5/Upper Caves | Discovered new exit (range 10) 12414 | -5/Upper Caves | Identified exit to Factory 13673 | -5/Upper Caves | Discovered new exit (range 7) 13687 | -5/Upper Caves | Identified exit to Zhirov 14196 | -5/Upper Caves | Entered Zhirov 14196 | -5/Zhirov | Discovered new exit (range 3) 14199 | -5/Zhirov | Identified exit to Proximity Caves 14240 | -5/Zhirov | Met Zhirov 14292 | -5/Zhirov | Learned location of Quarantine (-2) 14292 | -5/Zhirov | Learned location of Testing (-3) 14292 | -5/Zhirov | Learned location of Command (-1) 14307 | -5/Zhirov | Zhirov requested help retrieving the SGEMP Prototype 14351 | -5/Zhirov | Found Alien Artifact 14351 | -5/Zhirov | Identified Integrated Reactor 14351 | -5/Zhirov | Installed Integrated Reactor, increased core energy generation (+10) 14383 | -5/Zhirov | Found Alien Artifact 14695 | -5/Zhirov | Entered Proximity Caves 14990 | -4/Proximity Caves | Learned 8 Research zone layouts 14991 | -4/Proximity Caves | Build established: Bothacker-Mutant 15041 | -4/Proximity Caves | Learned Research stockpile data 16115 | -4/Proximity Caves | Discovered exit to Factory (range 4) 16116 | -4/Proximity Caves | Attracted the attention of an 0b10 checkpoint 16121 | -4/Proximity Caves | Entered Factory 16121 | -4/Factory | Evolved 2 slots: Power x1, Propulsion x1 16145 | -4/Factory | Identified exit to Upper Caves 16145 | -4/Factory | Identified exit to Armory 16395 | -4/Factory | Repaired Lrn. Missile Launcher 16446 | -4/Factory | Repaired Imp. Medium Treads 16447 | -4/Factory | Imp. Hacking Suite fried by hacking feedback 16540 | -4/Factory | Discovered new exit (range 13) 16999 | -4/Factory | Fabricated Imp. Heavy Treads (x2) 17184 | -4/Factory | Entered Upper Caves 17281 | -4/Upper Caves | A Derelict revealed a hidden shortcut to "reach the base" 17281 | -4/Upper Caves | Identified exit to Warlord 17284 | -4/Upper Caves | Entered Warlord 17341 | -4/Warlord | System corruption cleaned by Quarantine Array 18584 | -4/Warlord | Warlord's base attacked by MAIN.C 18852 | -4/Warlord | Found Quantum Capacitor 18934 | -4/Warlord | Warlord forces counterattacked 19098 | -4/Warlord | Build established: Scavenger-Mutant 19259 | -4/Warlord | Warlord base infiltrated, sounded retreat 19291 | -4/Warlord | RIF detected upon attempting to enter Warlord's base 19291 | -4/Warlord | Attacked by Warlord forces 19797 | -4/Warlord | Spotted Striker 19845 | -4/Warlord | Destroyed Striker 19877 | -4/Warlord | Destroyed 8 combat bots 19891 | -4/Warlord | Spotted B-90 Cyclops 19891 | -4/Warlord | Spotted Striker 19894 | -4/Warlord | Spotted B-86 Titan 19895 | -4/Warlord | Lost 6 parts (2p2n2u) 19942 | -4/Warlord | Destroyed Striker 19969 | -4/Warlord | Lost 5 parts (1n1u3w) 19973 | -4/Warlord | Spotted B-86 Titan 19983 | -4/Warlord | Released all parts (8) 19984 | -4/Warlord | Spotted Striker 19986 | -4/Warlord | Identified Transdimensional Reconstructor 19986 | -4/Warlord | Warped through subspace 19987 | -4/Warlord | Spotted Executioner 19988 | -4/Warlord | Spotted Striker 19990 | -4/Warlord | Core integrity fell below 50% 20000 | -4/Warlord | Core integrity fell below 20% 20003 | -4/Warlord | Destroyed by Executioner with Helical Railgun Last Messages --------------- 19983_ Acquired 68 matter. 19984_ ANNOUNCEMENT: Detected 2 Grunt squads, 1 Programmer squad, 1 Melee squad. 19984_ Acquired 61 matter. 19985_ P-70 Sage resets G-67 Veteran, system corruption cleaned. 19985_ Knocked back. 19986_ Acquired Alien Artifact. 19986_ Identified Transdimensional Reconstructor. 19986_ Warped through subspace. 19992_ Knocked back. 19994_ Penetrated by Slug. 19994_ Slug penetrates Machine. 19995_ Acquired 10 matter. 19996_ Striker knocked back. 19996_ Knocked back. 20000_ Penetrated by Slug. 20003_ Executioner knocked back. 20003_ Triggered Fire Trap. 20003_ Burning plasma bursts from the floor. 20003_ Penetrated by Slug. Map ----- +----------------------------------------------------+ | ?????????????????????????????????????? | | ?????????????????????????????????????? | | ?????????????????????????????????????? | | ?????????????????????????????????????? | | ?????????????????????????????????????? | | ??????????????????????????????? ???? | | ??????????????????????????????? ???? | | ??????????????????????????????? ???? | | ??????????????????????????????? ??? | | ??????????????????????????????? ???? | | ????????????!%????????????????? ???? | | ???????????# =#???????????????? ???? | | ??????????? ???????????????? ???? | | ??????????? ????????????????#/#???? | | ??????????? ????????????????# #???? | | ??????????? ???????????????##%##??? | | ???????????# #???????????????#![%##? | | ???????????# #???????????????#[%[*?? | | ???????????+ #???????????????#*=%#?? | | ???????????# #????????????####"/!### | | ???????????# #????????????# !!!%*%!#= | | ???????????+ ????????????# [%!|! !% | | ???????????# #????????????# !!=* #= | | ???????????# ##???????????# ! ==! #[ | | ???????????# +????????????# ]% %!]! | | ????????#### @#????????????# []=!*![! | | ????????# #????????????# ![%%!%![ | | ????????# #??????###???# ]%|!]*%!= | | ????????## b######?# #???# !%%]=** | | ?#########gEg# # ## # ###?#####=#[= ! | | # gi l " %[!%= | | # """" # % %*#?####!%##""# | | ? """" x# K# % % #????#### | | ? """" #x % % #??????## | | # """" # g % ! #??????## | | # + " !* #????#### | | # # # !!%% #??###### | | #########; % #"###########??#### " | | ????????## g # ????????????## " | | ??????####//"#########??????###### | | ??????#" %% % #?????????###### | | ??????#" % %% #????????####### | | ??????#" % #???????##?##??# | | ??????#" % % #??????#???##### | | ??????# "# #?????########## | | ??????# "##"""##??????# | | ??????#" "#????????????######### | | ??????#" "#??????????###?????### | | ??????#" "#???????????????#####? | | ??????#" "#????????????#######?# | +----------------------------------------------------+ Best States ------------- Heat Dissipation 101 Coolant Potential 80 Energy Generation 40 Energy Capacity 505 Matter Stores 300 Matter Capacity 300 Sight Range 16 Robot Scan Range 20 Terrain Scan Range 16 Terrain Scan Density 10 Corruption Block 13 Armor Coverage 825 Resistance: TH 15 Evasion (%) 50 Melee Accuracy 8 Core Analysis 6 Recoil Reduction 6 Offensive Hacking 12 Defensive Hacking 10 Relay Coupler Types 3 Relay Coupler Value 96 Item Schematics ----------------- Huge Storage Unit | -10/Materials | Hacked Assault Drone Bay | -5/Zhirov | Free Exp. Heat Sink | -5/Zhirov | Free Exp. Optical Array | -5/Zhirov | Free Imp. Arc Thrower | -5/Zhirov | Free Robot Schematics ------------------ None Fabricated ------------ Imp. Heavy Treads | x2 | -4/Factory | Preloaded Alien Tech Used ----------------- Integrated Reactor Transdimensional Reconstructor Achievements -------------- Error 47 Factory Defaults Challenges ------------ None Game ------ Seed ModifiedCannonRegenerator Manual? 0 Play Time 04:46:12 Cumulative 170.4 hours Start 2022.05.24 @ 17:05:10 End 2022.06.13 @ 06:28:41 Sessions 13 Manual Loads 0 Difficulty Rogue Special Mode None Game No. 29 Rogue 22 Adventurer 1 Explorer 6 Win Type - Total 9 Types 4/1/3/0/0/1/0/0/0 Lore% 76 Gallery% 71 Achievement% 66 Wizard Run 0 Options --------- ASCII 0 Keyboard 0 Movement Mouse Keybinds 0 Fullscreen 1 Font 18/SmallcapsGlow Map View 76x50 Tactical HUD 1 Map Filters NONE Filters NONE Steam 1 RUN: 1e385ac2-2738-4506-b14c-b8addea83569